 Dungeon Crawl Stone Soup version 0.27.1-33-g824d729ab1 (webtiles) character file.

Game seed: 17164410639676372158

14350 pkoi the Martial Artist (level 11, -8/85 HPs)
             Began as a Grey Draconian Earth Elementalist on Dec 1, 2021.
             Was an Elder of Dithmenos.
             Mangled by a white ugly thing (35 damage)
             ... on level 12 of the Dungeon.
             The game lasted 00:21:35 (16328 turns).

pkoi the Martial Artist (DrEE)                     Turns: 16328, Time: 00:21:37

Health: -8/85      AC: 15    Str: 10    XL:     11   Next: 87%
Magic:  12/17      EV: 13    Int: 25    God:    Dithmenos [****..]
Gold:   281        SH:  5    Dex: 14    Spells: 10/18 levels left

rFire    + . .     SeeInvis .     - Unarmed
rCold    . . .     Faith    .   (shield currently unavailable)
rNeg     + . .     Spirit   .   (armour unavailable)
rPois    .         Reflect  +   (helmet restricted)
rElec    .         Harm     .   e - +1 cloak
rCorr    .         Rampage  .   (gloves currently unavailable)
Will     .....                  B - +0 pair of boots of the Clam {Drain +Inv rN+ Dex+2}
Stlth    +++++.....             k - amulet of reflection
HPRegen  0.24/turn              s - +6 ring of intelligence
MPRegen  0.15/turn              p - ring of protection from fire

@: blade hands, wreathed by umbra
A: AC +12, amphibious, unfitting armour, cold-blooded
a: End Transformation, Renounce Religion, Evoke Invisibility, Shadow Step


You were on level 12 of the Dungeon.
You worshipped Dithmenos.
Dithmenos was greatly pleased with you.
You had blades for hands.
You visited 2 branches of the dungeon, and saw 13 of its levels.

You collected 587 gold pieces.
You spent 306 gold pieces at shops.

Inventory:

Hand Weapons
 o - a +1 short sword of electrocution
Missiles
 b - 226 stones
 g - 43 poisoned darts
Armour
 e - a +1 cloak (worn)
 B - the +0 pair of boots of the Clam (worn) {Drain +Inv rN+ Dex+2}
   (You bought it in a shop on level 3 of the Dungeon)

   Dex:       It affects your dexterity (+2).
   rN:        It protects you from negative energy.
   +Inv:      It lets you turn invisible.
   Drain:     It drains your maximum health when unequipped.
Jewellery
 a - an amulet of guardian spirit
 d - a ring of fire
 k - an amulet of reflection (around neck)
 n - a ring of positive energy
 p - a ring of protection from fire (right blade hand)
 s - a +6 ring of intelligence (left blade hand)
Wands
 q - a wand of flame (16)
 t - a wand of digging (2)
 w - a wand of mindburst (11)
 y - a wand of iceblast (21)
 F - a wand of polymorph (12)
Scrolls
 h - 4 scrolls of fog
 l - 2 scrolls of enchant weapon
 m - a scroll of enchant armour
Potions
 c - 4 potions of haste
 f - 3 potions of curing
 i - 2 potions of magic
 j - 2 potions of berserk rage
 r - a potion of might
 u - a potion of lignification
 v - a potion of brilliance
 x - a potion of cancellation
 z - 2 potions of resistance
 C - a potion of heal wounds
 D - a potion of ambrosia


   Skills:
 - Level 4.5 Fighting
 - Level 4.2 Dodging
 - Level 6.0 Stealth
 + Level 11.1 Unarmed Combat
 - Level 4.0 Spellcasting
 + Level 10.9 Transmutations
 - Level 7.3 Earth Magic
 - Level 4.0 Evocations


You had 10 spell levels left.
You knew the following spells:

 Your Spells              Type           Power      Damage    Failure   Level
a - Sandblast             Erth           82%        2d17      11%         1
b - Blade Hands           Tmut           28%        N/A       24%         5
c - Passwall              Tmut/Erth      41%        N/A       10%         2

Your spell library contained the following spells:

 Spells                   Type           Power      Damage    Failure   Level
 Petrify                  Tmut/Erth      50%        N/A       22%         4
 Stone Arrow              Conj/Erth      46%        3d9       36%         3
 Portal Projectile        Hex/Tloc       10%        N/A       69%         3
 Swiftness                Air            5%         N/A       69%         3
 Excruciating Wounds      Necr           2%         N/A       99%         5
 Invisibility             Hex            2%         N/A       100%        6


Dungeon Overview and Level Annotations

Branches:
Dungeon (12/15)            Temple (1/1) D:7            Lair (0/6) D:11
    Orc: D:9-12

Altars:
Ashenzari
Cheibriados
Dithmenos
Elyvilon
Fedhas
Gozag
Hepliaklqana
Kikubaaqudgha
Makhleb
Nemelex Xobeh
Okawaru
Qazlal
Ru
Sif Muna
Trog
Uskayaw
Vehumet
Wu Jian
Xom
Yredelemnul
Zin
The Shining One

Shops:
D:2 [(   D:3 [   D:11 (

Annotations:
D:9 exclusion: obsidian statue


Innate Abilities, Weirdness & Mutations

You have blades for hands.
Your spellcasting is less reliable in this form.
You are incapable of wielding weapons or throwing items.
Your dull iron-grey scales are very hard. (AC +12)
You are amphibious.
You cannot fit into any form of body armour.
You are cold-blooded and may be slowed by cold attacks.


Message History

f - 3 potions of curing (gained 1)
You see here a +0 chain mail.
Done exploring.
Done exploring.
Done exploring.
Done exploring.
(D) Dungeon (T) Temple (L) Lair
Where to? (Enter - D:11, ? - help)
Things that are here:
a +0 hand axe; a +0 dagger; a +0 robe
There is a stone staircase leading down here.
You climb downwards.
There is a stone staircase leading up here.
There are monsters nearby!
Unknown command.
Casting: Blade Hands (dangerous; 3% risk of failure)
Confirm with . or Enter, or press ? or * to list all spells.
Your hands turn into razor-sharp scythe blades.
The white ugly thing gurgles horribly!
The manticore bites you!! You block the manticore's attack.
The manticore claws you.
You shred the manticore!!!
The manticore is severely wounded.
Unknown command.
You slice the manticore!!
You kill the manticore!
Dithmenos accepts your kill.
You barely miss the white ugly thing. The white ugly thing claws you!
The white ugly thing freezes you!!
You feel yourself slow down.
* * * LOW HITPOINT WARNING * * *
You slice the white ugly thing!!
The white ugly thing is moderately wounded.
The white ugly thing closely misses you.
You slice the white ugly thing!!
The white ugly thing is severely wounded.
You feel yourself speed up. The white ugly thing claws you.
* * * LOW HITPOINT WARNING * * *
The white ugly thing freezes you!!
You die...

######+###
#........#
#........#
#........#
#........#
#...u@†..+
#........#
###+######


You could see a white ugly thing.

Vanquished Creatures
  Josephine (D:11)
  A boulder beetle (D:10)
  2 two-headed ogres
  2 manticores
  A cyclops (D:11)
  A centaur zombie (D:10)
  An elephant (D:11)
  An unseen horror (D:10)
  A komodo dragon (D:10)
  Psyche (D:8)
  2 trolls
  Grinder (D:4)
  3 shadows
  4 wraiths (D:11)
  A vampire (D:10)
  14 yaks
  A wyvern (D:11)
  A hog (shapeshifter) (D:11)
  Grum (D:9)
  2 basilisks (D:11)
  A steam dragon (D:8)
  2 orc warriors
  A water moccasin (D:7)
  3 ice beasts
  3 black bears
  2 necrophages
  An ogre (D:6)
  A phantom (D:7)
  2 wolves (D:9)
  12 centaurs
  3 kobold brigands
  3 scorpions
  15 killer bees
  5 wights (D:7)
  A howler monkey (D:9)
  2 bullfrog zombies
  4 hounds
  2 orc priests
  A jelly (D:8)
  A bullfrog skeleton (D:5)
  2 centaur skeletons
  An iguana (D:4)
  Jessica (D:2)
  13 orc wizards
  2 killer bee zombies
  2 howler monkey zombies
  3 adders
  3 ufetubi
  4 adder skeletons (D:4)
  A worm (D:3)
  A dart slug (D:3)
  32 orcs
  6 endoplasms
  6 giant cockroaches
  A goblin (D:1)
  2 hobgoblins
  2 jackals (D:3)
  5 quokkas
  8 ball pythons
  5 bats
  2 frilled lizards
  20 kobolds
  7 rats
  A spectral orc (D:5)
237 creatures vanquished.

Vanquished Creatures (others)
  An orc wizard (D:6)
  3 fungi (D:11)
  4 plants (D:11)
8 creatures vanquished.

Grand Total: 245 creatures vanquished

Notes
Turn   | Place    | Note
-------+----------+-------------------------------------------
     0 | D:1      | pkoi the Draconian Earth Elementalist began the quest for
                  | the Orb.
     0 | D:1      | Reached XP level 1. HP: 14/14 MP: 3/3
   347 | D:1      | Reached skill level 1 in Unarmed Combat
   374 | D:1      | Reached XP level 2. HP: 11/20 MP: 3/5
  1055 | D:1      | Found a faded altar of an unknown god.
  1227 | D:2      | Found Basotwed's Antique Armour Shoppe.
  1744 | D:2      | Found Wavvuent's Weapon Boutique.
  1772 | D:2      | Noticed Jessica
  1777 | D:2      | Killed Jessica
  1778 | D:2      | Reached skill level 2 in Unarmed Combat
  1778 | D:2      | Reached XP level 3. HP: 26/26 MP: 3/6
  2112 | D:3      | Found a shadowy altar of Dithmenos.
  2127 | D:3      | Became a worshipper of Dithmenos the Shadowed
  2389 | D:3      | Reached XP level 4. HP: 25/33 MP: 5/7
  2526 | D:3      | Found a glowing golden altar of the Shining One.
  2588 | D:3      | Found Cuocka's Antique Armour Shoppe.
  3363 | D:4      | Reached skill level 3 in Unarmed Combat
  3363 | D:4      | Reached XP level 5. HP: 11/38 MP: 0/8
  4211 | D:4      | Noticed a necrophage
  4237 | D:4      | Killed a necrophage
  4396 | D:4      | Reached XP level 6. HP: 45/45 MP: 7/9
  4466 | D:4      | Noticed Grinder
  4501 | D:4      | Paralysed by Grinder for 6 turns
  4508 | D:4      | Killed Grinder
  5021 | D:5      | Entered Level 5 of the Dungeon
  5089 | D:5      | Reached * piety under Dithmenos
  5189 | D:5      | Your scales start taking on a dull iron-grey colour.
  5189 | D:5      | Reached XP level 7. HP: 27/50 MP: 6/11
  5361 | D:5      | Identified the +1 robe "Itufixiu" {Contam rF++ rN+ Regen+}
  5380 | D:5      | You fall into a shaft and drop 1 floor!
  5396 | D:6      | Reached skill level 4 in Unarmed Combat
  5396 | D:6      | Reached skill level 5 in Earth Magic
  5622 | D:6      | Reached skill level 1 in Fighting
  5954 | D:6      | Reached XP level 8. HP: 39/59 MP: 8/13
  6644 | D:5      | Reached skill level 5 in Transmutations
  6652 | D:5      | Found a basalt altar of Yredelemnul.
  6947 | D:6      | You fall into a shaft and drop 1 floor!
  7039 | D:7      | Reached ** piety under Dithmenos
  7090 | D:7      | Reached skill level 5 in Unarmed Combat
  7878 | D:6      | Reached XP level 9. HP: 70/70 MP: 11/15
  8530 | D:7      | Found a staircase to the Ecumenical Temple.
  8542 | Temple   | Entered the Ecumenical Temple
  8631 | D:7      | Reached skill level 6 in Unarmed Combat
  9016 | D:7      | Learned a level 5 spell: Blade Hands
  9096 | D:7      | Reached skill level 7 in Unarmed Combat
  9099 | D:7      | Learned a level 2 spell: Passwall
  9638 | D:8      | Reached XP level 10. HP: 73/80 MP: 1/16
  9778 | D:8      | Noticed Psyche
  9885 | D:8      | Killed Psyche
  9886 | D:8      | Reached skill level 8 in Unarmed Combat
  9942 | D:8      | Found a snail-covered altar of Cheibriados.
 10706 | D:2      | Bought 16 stones for 16 gold pieces
 10706 | D:2      | Bought 15 stones for 15 gold pieces
 10888 | D:3      | Bought a pair of twisted boots for 275 gold pieces
 10888 | D:3      | Identified the +0 pair of boots of the Clam {Drain +Inv rN+
                  | Dex+2} (You bought it in a shop on level 3 of the Dungeon)
 11243 | D:9      | Reached skill level 1 in Evocations
 11708 | D:9      | Noticed Grum
 11723 | D:9      | Killed Grum
 11723 | D:9      | Reached *** piety under Dithmenos
 11736 | D:9      | Reached skill level 5 in Stealth
 11915 | D:9      | Noticed an obsidian statue
 12068 | D:9      | Reached skill level 9 in Unarmed Combat
 12703 | D:10     | Entered Level 10 of the Dungeon
 13612 | D:10     | Found a sparkling altar of Nemelex Xobeh.
 13614 | D:10     | Found a burning altar of Makhleb.
 13634 | D:10     | Reached XP level 11. HP: 80/85 MP: 12/17
 13771 | D:10     | Noticed a two-headed ogre
 13782 | D:10     | Killed a two-headed ogre
 14610 | D:11     | Reached **** piety under Dithmenos
 14734 | D:11     | Found a staircase to the Lair.
 14778 | D:11     | Reached skill level 10 in Unarmed Combat
 15193 | D:11     | Reached skill level 10 in Transmutations
 15278 | D:11     | Noticed Josephine
 15288 | D:11     | Noticed a two-headed ogre
 15298 | D:11     | Killed a two-headed ogre
 15305 | D:11     | Killed Josephine
 15521 | D:11     | Noticed a boulder beetle
 15856 | D:10     | Killed a boulder beetle
 15857 | D:10     | Reached skill level 11 in Unarmed Combat
 16140 | D:11     | Found Wikk's Antique Weapon Shop.
 16322 | D:12     | Noticed a white ugly thing
 16328 | D:12     | Mangled by a white ugly thing

Illustrated notes

Levels and vault maps discovered:
D:1:      dpeg_arrival_pits, layout_loops_cross, basic_ecumenical_altar
D:2:      layout_basic, serial_shops, shop_statue, nicolae_shop_trees,
          uniq_jessica
D:3:      layout_rooms, nicolae_dithmenos_through_a_glass_darkly,
          nicolae_tso_swordbearing_angel, serial_shops, shop_fountains,
          grunt_ministairs_5
D:4:      layout_loops_ring, hex_medium, uniq_grinder
D:5:      layout_loops_cross, yredelemnul_forgotten_temple_becter
D:6:      layout_basic
D:7:      layout_gridville, minmay_temple_entry_purple_smoke, kennysheep_boxes
D:8:      layout_gridville, nicolae_overflow_crystal_walls, uniq_psyche
D:9:      layout_small_grid, st_stairs_13, minivault_21, minmay_statue_bubble,
          uniq_grum
D:10:     layout_rooms, grunt_temple_overflow_open
D:11:     layout_basic, david_lair_generic, serial_shops, kennysheep_little_box,
          minmay_stone_trees_small, uniq_josephine
D:12:     layout_roguey, david_orc_3, uniq_snorg, uniq_frances
Temple:   nicolae_temple_x_marks_the_god

Skill      XL: |  1  2  3  4  5  6  7  8  9 10 11 |
---------------+----------------------------------+-----
Unarmed Combat | 1 2 3 4 5 7 9 11 | 11.1
Transmutations | 2 3 4 5 7 8 10 | 10.9
Stealth        | 2 3 4 5 6 |  6.0
Spellcasting   | 3 4 |  4.0
Earth Magic    | 4 5 6 7 |  7.3
Dodging        | 2 3 4 |  4.2
Fighting       | 1 3 4 |  4.5
Evocations     | 3 4 |  4.0

Action                   |  1- 3 |  4- 6 |  7- 9 | 10-12 || total
-------------------------+-------+-------+-------+-------++-------
Melee: Unarmed           |   138 |   169 |   216 |   406 ||   929
       Tailslap          |    14 |    19 |    15 |    40 ||    88
       Punch             |     1 |     2 |     1 |    17 ||    21
 Cast: Sandblast         |    11 |    56 |   123 |    24 ||   214
       Blade Hands       |       |       |       |    25 ||    25
Evoke: Wand              |       |       |       |     1 ||     1
  Use: Scroll            |     5 |       |    10 |     7 ||    22
       Potion            |     3 |     2 |     1 |       ||     6
 Stab: Sleeping          |     3 |     1 |     2 |     4 ||    10
       Distracted        |       |     1 |     1 |       ||     2
       Confused          |       |       |       |     1 ||     1
Armor: Skin              |    48 |    72 |   107 |   162 ||   389
Dodge: Dodged            |   129 |   124 |   174 |   269 ||   696
Block: Other             |       |    24 |    64 |   110 ||   198
       Reflection        |       |       |     1 |     6 ||     7
